 Dungeon Crawl Stone Soup version 0.18.1-8-gdd0e5ea (webtiles) character file.

226 M4edhros the Sneak (level 6, -9/36 HPs)
             Began as an Octopode Necromancer on May 27, 2016.
             Was an Initiate of Cheibriados.
             Mangled by an ogre
             ... wielding a +0 giant club
              (25 damage)
             ... on level 4 of the Dungeon.
             The game lasted 00:06:39 (1347 turns).

M4edhros the Sneak (Octopode Necromancer)           Turns: 1347, Time: 00:06:40

Health: -9/36      AC:  1    Str:  9    XL:     6   Next: 1%
Magic:  6/9        EV: 12    Int: 18    God:    Cheibriados [......]
Gold:   86         SH:  0    Dex: 15    Spells: 3 memorised, 4 levels left

rFire  . . .     SeeInvis .     t - +2 short sword (elec)
rCold  . . .     Gourm    .     (no shield)
rNeg   . . .     Faith    .     (helmet restricted)
rPois  .         Spirit   .     (no amulet)
rElec  .         Dismiss  .     (no ring)
rCorr  .         Reflect  .     (no ring)
SustAt .         Harm     .     (no ring)
MR     .....                    (no ring)
Stlth  +++++.....               (no ring)
                                (no ring)
                                (no ring)
                                (no ring)

@: very slightly contaminated, very slow, not resistant to hostile enchantments,
quite stealthy
A: almost no armour, amphibious, 8 rings, constrict 8, camouflage 1, gelatinous
body 1
a: Bend Time, Renounce Religion


You were on level 4 of the Dungeon.
You worshipped Cheibriados.
Cheibriados was noncommittal.
You were not hungry.

You visited 2 branches of the dungeon, and saw 5 of its levels.

You collected 86 gold pieces.

Inventory:

Hand Weapons
 t - a +2 short sword of electrocution (weapon)
Missiles
 h - 6 tomahawks (quivered)
Scrolls
 e - a scroll of immolation {unknown}
 f - 2 scrolls of remove curse {unknown}
 g - 4 scrolls of teleportation {unknown}
 i - 4 scrolls of magic mapping {unknown}
 j - a scroll of enchant armour {unknown}
 k - 6 scrolls of identify {unknown}
 l - a scroll of fear {unknown}
 n - a scroll of blinking {unknown}
 o - 2 scrolls of fog {unknown}
 q - a scroll of enchant weapon {unknown}
 w - a scroll of amnesia {unknown}
 x - a scroll of noise {unknown}
Potions
 r - a potion of lignification {unknown}
 s - a potion of heal wounds
 u - a potion of degeneration {unknown}
 v - a potion of agility {unknown}
Books
 a - a book of Necromancy

   Spells                             Type                      Level
   a - Pain                           Necromancy                   1
   b - Animate Skeleton               Necromancy                   1
   c - Vampiric Draining              Necromancy                   3
   d - Regeneration                   Charms/Necromancy            3
   e - Animate Dead                   Necromancy                   4
   f - Control Undead                 Necromancy                   4
Comestibles
 b - 4 bread rations
 c - 2 meat rations
 d - 4 fruits
 p - 4 chunks of flesh


   Skills:
 - Level 2.0 Dodging
 * Level 5.9 Stealth
 + Level 4.1 Unarmed Combat
 - Level 2.0 Spellcasting
 - Level 4.0 Necromancy


You had 4 spell levels left.
You knew the following spells:

 Your Spells              Type           Power        Failure   Level  Hunger
a - Pain                  Necr           ###.         3%          1    #......
b - Animate Skeleton      Necr           N/A          3%          1    #......
r - Regeneration          Chrm/Necr      #.........   24%         3    ###....


Dungeon Overview and Level Annotations

Branches:
Dungeon (4/15)             Temple (1/1) D:4

Altars:
Cheibriados
Dithmenos
Fedhas
Nemelex Xobeh
Trog
Vehumet
The Shining One


Innate Abilities, Weirdness & Mutations

You cannot wear most types of armour.
You are amphibious.
You can wear up to eight rings at the same time.
You can use your tentacles to constrict eight enemies at once.
Your skin changes colour to match your surroundings (Stealth).
Your rubbery body absorbs attacks (AC +1).


Message History

The jackal skeleton bites you.
The water moccasin skeleton closely misses you.
You aren't carrying any items that you can evoke.
Read which item? (? for menu, Esc to quit)
Okay, then.
You hit the ogre.
There is a sudden explosion of sparks!
The ogre is severely wounded.
The jackal skeleton bites you.
Your orc skeleton hits the water moccasin skeleton with a falchion.
The ogre hits you with a giant club!
The water moccasin skeleton completely misses you.
The jackal skeleton barely misses you.
You barely miss the ogre. You squeeze the ogre.
The ogre is almost dead.
The water moccasin skeleton closely misses you.
The jackal skeleton bites you.
Your orc skeleton hits the water moccasin skeleton with a falchion.
The ogre hits you with a giant club!!
Ouch! That really hurt!
You die...

#.#..###.........#....#...
...##..# . #....... ###
##.# #.....#. #.######
...#.#... ##......##
###.###.###.
##........#..... .......
#.......Z...# #......
#.......Z..#... .#....
#......@Z..# <....#.
#.......O...... .#.###.
#.............>. #. #.
................. #.
###.........#.... ##
#....<.....#.... #
#..........# ...
#..........#


You could see an ogre, a water moccasin skeleton, a jackal skeleton and a
friendly orc skeleton.

Vanquished Creatures
  A scorpion (D:4)
  A centaur zombie (D:4)
  An orc priest (D:4)
  A worker ant (D:4)
  An orc wizard (D:3)
  An adder (D:3)
  An adder skeleton (D:4)
  2 giant geckos
  7 orcs
  2 giant cockroaches
  5 goblins
  5 hobgoblins
  A jackal (D:2)
  A quokka (D:4)
  4 bats
  3 giant newts
  5 kobolds
  5 rats
47 creatures vanquished.

Vanquished Creatures (collateral kills)
  A worm (D:2)
  A giant gecko (D:4)
  A jackal (D:2)
3 creatures vanquished.

Grand Total: 50 creatures vanquished

Notes
Turn   | Place    | Note
--------------------------------------------------------------
     0 | D:1      | M4edhros the Octopode Necromancer began the quest for the Orb.
     0 | D:1      | Reached XP level 1. HP: 11/11 MP: 3/3
    68 | D:2      | Reached skill level 1 in Unarmed Combat
    80 | D:2      | Learned a level 1 spell: Animate Skeleton
   186 | D:2      | Reached XP level 2. HP: 3/17 MP: 0/5
   576 | D:2      | Found a blossoming altar of Fedhas.
   576 | D:2      | Found a radiant altar of Vehumet.
   581 | D:2      | Found a glowing golden altar of the Shining One.
   657 | D:3      | Reached XP level 3. HP: 14/21 MP: 4/6
   706 | D:3      | Learned a level 3 spell: Regeneration
   956 | D:3      | Reached skill level 3 in Stealth
   956 | D:3      | Reached XP level 4. HP: 27/27 MP: 2/7
  1061 | D:4      | Found a staircase to the Ecumenical Temple.
  1075 | D:4      | Reached skill level 4 in Stealth
  1096 | D:4      | Reached skill level 5 in Stealth
  1096 | D:4      | Reached XP level 5. HP: 25/31 MP: 6/8
  1155 | Temple   | Entered the Ecumenical Temple
  1193 | Temple   | Became a worshipper of Cheibriados the Contemplative
  1275 | D:4      | Reached XP level 6. HP: 24/36 MP: 7/9
  1347 | D:4      | Mangled by an ogre

Skill      XL: |  1  2  3  4  5 |
---------------+----------------+-----
Unarmed Combat | 1 2 3 4 |  4.1
Stealth        | 3 5 |  5.9
Dodging        | |  2.0
Spellcasting   | |  2.0
Necromancy     | |  4.0

Action                   |  1- 3 |  4- 6 || total
-------------------------+-------+-------++-------
Melee: Unarmed           |    26 |       ||    26
       Constrict         |     7 |     7 ||    14
       Tentacles         |     1 |     4 ||     5
       Short sword       |     2 |    48 ||    50
       Punch             |     1 |       ||     1
 Cast: Pain              |    39 |       ||    39
       Animate Skeleton  |     8 |     7 ||    15
       Regeneration      |     2 |     3 ||     5
  Use: Potion            |       |     3 ||     3
 Stab: Sleeping          |     2 |     4 ||     6
       Invisible         |       |     2 ||     2
  Eat: Chunk             |     1 |     3 ||     4
Armor: Skin              |     1 |     4 ||     5
Dodge: Dodged            |    16 |    22 ||    38
